 Dungeon Sprint DCSS version 0.29.1-1-gd02db6906a (webtiles) character file.

Game seed: 16608766522618952477

343 rocky1 the Nimble (level 6, -5/99 (102) HPs)
             Began as an Ogre Gladiator on Sept 16, 2022.
             Was a Follower of Okawaru.
             Slain by an orc priest
             ... wielding a +0 trident
              (7 damage)
             ... in the Dungeon (Sprint VII: "The Pits").
             The game lasted 00:01:28 (767 turns).

rocky1 the Nimble (Ogre Gladiator)                   Turns: 767, Time: 00:01:28

HP:   -5/99 (102)   AC:  3    Str: 21    XL:     6   Next: 57%
MP:   3/6           EV: 12    Int:  9    God:    Okawaru [*.....]
Gold: 0             SH:  0    Dex: 10    Spells: 5/5 levels left

rFire   . . .      SeeInvis .   o - +2 mace (vorpal)
rCold   . . .      Faith    .   (no shield)
rNeg    . . .      Spirit   .   b - +0 robe
rPois   .          Reflect  .   c - +0 hat
rElec   .          Harm     .   (no cloak)
rCorr   .          Rampage  .   (gloves unavailable)
Will    .....      NoTele   +   (boots unavailable)
Stlth   ..........              (no amulet)
HPRegen 0.26/turn               (no ring)
MPRegen 0.10/turn               (no ring)

@: berserking (expiring), lightly drained, very quick
A: large, unfitting armour, tough skin 1
a: Renounce Religion, Heroism


You were in the Dungeon.
You worshipped Okawaru.
Okawaru was aware of your devotion.
You visited 1 branch

Inventory:

Hand Weapons
 a - a +0 flail
 o - a +2 vorpal mace (weapon)
Missiles
 d - 3 throwing nets (quivered)
 e - a large rock
Armour
 b - a +0 robe (worn)
 c - a +0 hat (worn)
Scrolls
 k - a scroll of blinking
 m - 5 scrolls of amnesia
 n - a scroll of summoning
Potions
 f - 6 potions of curing
 g - 4 potions of heal wounds
 h - a potion of haste
 i - 4 potions of magic
 j - a potion of berserk rage
 l - 2 potions of invisibility


   Skills:
 + Level 6.7 Fighting
 + Level 8.2 Maces & Flails
 + Level 3.6 Throwing
 + Level 8.2 Dodging
 + Level 2.0 Stealth
 + Level 0.2 Invocations


You had 5 spell levels left.
You didn't know any spells.
Your spell library was empty.

Dungeon Overview and Level Annotations

Branches:
Dungeon (1/1)

Altars:
Ashenzari
Cheibriados
Dithmenos
Elyvilon
Fedhas
Gozag
Hepliaklqana
Kikubaaqudgha
Makhleb
Nemelex Xobeh
Okawaru
Qazlal
Ru
Sif Muna
Trog
Uskayaw
Vehumet
Wu Jian
Xom
Yredelemnul
Zin
The Shining One
Jiyva
Lugonu


Innate Abilities, Weirdness & Mutations

You are too large for most types of armour.
You have tough skin. (AC +1)


Message History

The hobgoblin shouts!
You hit the wight.
The wight is heavily damaged.
The wight closely misses you.
You hit the wight.
The wight is severely damaged.
You hit the wight but do no damage.
The wight is severely damaged.
The wight hits you with a +5 war axe.
You feel drained.
You sock the wight!
You destroy the wight!
Okawaru accepts your kill.
Your life force feels restored.
Your base Maces & Flails skill increases to level 8!
Your base Dodging skill increases to level 8!
Your base Stealth skill increases to level 2!
Unknown command.
The wight hits you with a +5 scimitar! The orc priest misses you.
Things that are here:
a +5 war axe; a +0 robe You barely miss the wight.
You feel like a meek peon again.
The orc priest hits you from afar with a +0 trident.
* * * LOW HITPOINT WARNING * * *
The wight hits you with a +5 scimitar!
* * * LOW HITPOINT WARNING * * *
You sock the wight!
The wight is severely damaged.
You closely miss the wight.
The wight is severely damaged.
The wight hits you with a +5 scimitar!
* * * LOW HITPOINT WARNING * * *
You feel drained.
* * * LOW HITPOINT WARNING * * *
The orc priest misses you.
You bludgeon the wight!!
You destroy the wight!
Okawaru is honoured by your kill.
The orc priest hits you from afar with a +0 trident!
You die...

#...........'.....
#'#####'#####.....
#.#..#...'.##.....
#.#..#...#.#####'#
#.#..#####†##.....
#.#..'..)#.##.....
#)#..').†'.##.....
#)#..########...<.
#@#..'.).)[##.....
#)#..#.)))[##.....
#o###########.....
#oo....K# ######
#zz.....#
#g..#...# #..##


og# #... .# #... # You could see 2 wights, an orc priest, 2 orcs and a
hobgoblin.

Vanquished Creatures
  A warg (D)
  A kobold brigand (D)
  A scorpion (D)
  2 wights (D)
  An orc wizard (D)
  A gnoll (D)
  A bat (D)
  A giant cockroach (D)
  A hobgoblin (D)
  5 jackals (D)
  A kobold (D)
  2 ball pythons (D)
18 creatures vanquished.

Notes
Turn   | Place    | Note
-------+----------+-------------------------------------------
     0 | D        | rocky1 the Ogre Gladiator began the quest for the Orb.
     0 | D        | Reached XP level 1. HP: 22/22 MP: 1/1
    56 | D        | Found a bloodstained altar of Trog.
    56 | D        | Found a shimmering blue altar of Sif Muna.
    56 | D        | Found a viscous altar of Jiyva.
    56 | D        | Found a hazy altar of Hepliaklqana.
    56 | D        | Found an opulent altar of Gozag.
    57 | D        | Found a glowing golden altar of the Shining One.
    57 | D        | Found a glowing silver altar of Zin.
    57 | D        | Found a basalt altar of Yredelemnul.
    57 | D        | Found a shimmering altar of Xom.
    57 | D        | Found an ornate altar of the Wu Jian Council.
    57 | D        | Found a sacrificial altar of Ru.
    57 | D        | Found a stormy altar of Qazlal.
    57 | D        | Found an iron altar of Okawaru.
    57 | D        | Found a sparkling altar of Nemelex Xobeh.
    57 | D        | Found a burning altar of Makhleb.
    57 | D        | Found a blossoming altar of Fedhas.
    57 | D        | Found a white marble altar of Elyvilon.
    57 | D        | Found a shadowy altar of Dithmenos.
    57 | D        | Found a snail-covered altar of Cheibriados.
    61 | D        | Found a corrupted altar of Lugonu.
    61 | D        | Found a radiant altar of Vehumet.
    62 | D        | Found a broken altar of Ashenzari.
    62 | D        | Found an ancient bone altar of Kikubaaqudgha.
    62 | D        | Found a hide-covered altar of Uskayaw.
    67 | D        | Became a worshipper of Warmaster Okawaru
    81 | D        | Noticed a scorpion
    91 | D        | Killed a scorpion
    92 | D        | Reached skill level 5 in Dodging
    92 | D        | Reached XP level 2. HP: 20/32 MP: 2/2
    92 | D        | Reached XP level 3. HP: 24/39 MP: 3/3
    92 | D        | Reached XP level 4. HP: 30/48 MP: 4/4
    95 | D        | Reached skill level 5 in Maces & Flails
   535 | D        | Noticed a warg
   553 | D        | Killed a warg
   553 | D        | Reached * piety under Okawaru
   554 | D        | Reached skill level 5 in Fighting
   554 | D        | Reached skill level 1 in Stealth
   554 | D        | Reached XP level 5. HP: 57/58 MP: 5/5
   731 | D        | Noticed a kobold brigand
   749 | D        | Reached XP level 6. HP: 14/67 MP: 3/6
   766 | D        | HP: 4/102 [wight/+5 scimitar (10)]
   767 | D        | Slain by an orc priest

Illustrated notes

Levels and vault maps discovered:
D:        pitsprint [storerooms_1, entrance_room_1, metal_vault_8, armoury_1,
          mini_pit_1, grid_room_1, main_hall_1, silver_pit, the_coven_3,
          the_vestibule_1, steel_vault_5, golden_pit, hallway_of_sentries,
          crystal_vault_1, iron_vault_3, final_vault]

Skill      XL: |  1  2  3  4  5  6 |
---------------+-------------------+-----
Maces & Flails | 4 6 7 8 |  8.2
Dodging        | 5 7 8 |  8.2
Fighting       | 4 5 6 |  6.7
Throwing       | 3 |  3.6
Stealth        | 1 2 |  2.0
Invocations    | |  0.2

Action                   |  1- 3 |  4- 6 || total
-------------------------+-------+-------++-------
Melee: Flail             |    12 |    38 ||    50
       Mace              |       |    21 ||    21
       Punch             |       |     1 ||     1
Invok: Heroism           |       |     2 ||     2
  Use: Potion            |     1 |     3 ||     4
 Stab: Sleeping          |       |     1 ||     1
Armor: Robe              |     9 |     8 ||    17
Dodge: Dodged            |    14 |    46 ||    60
